 Dungeon Crawl Stone Soup version 0.18.1-5-g4a78601 (webtiles) character file.

128772 Gargoyl the Tortoise (level 16, -1/129 HPs)
             Began as a Demonspawn Abyssal Knight on May 13, 2016.
             Was the Champion of Lugonu.
             Succumbed to a black mamba's poison
             ... on level 6 of the Lair of Beasts.
             The game lasted 01:12:03 (32606 turns).

Gargoyl the Tortoise (Demonspawn Abyssal Knight)   Turns: 32606, Time: 01:12:03

Health: -1/129     AC: 33    Str: 26      XL:     16   Next: 49%
Magic:  29/29      EV: 11    Int: 12 (13) God:    Lugonu [******]
Gold:   794        SH:  0    Dex: 12      Spells: 0 memorised, 17 levels left

rFire  . . .     SeeInvis .     w - +1 executioner's axe (freeze)
rCold  + . .     Gourm    .     V - +3 plate armour
rNeg   . . .     Faith    .     (shield currently unavailable)
rPois  +         Spirit   .     (helmet restricted)
rElec  +         Dismiss  .     (no cloak)
rCorr  .         Reflect  .     Y - +2 pair of gloves {Str+3}
SustAt .         Harm     +     X - +0 pair of boots
MR     +....                    t - amulet "Ytzin" {Harm *Drain +Blink rElec Str+4}
Stlth  ..........               y - ring of poison resistance
                                W - ring of Yngadgheh {MP+9 Slay+5}

@: lethally poisoned (-1 -> -25), marked, somewhat resistant to hostile
enchantments, extremely unstealthy
A: horns 2, rough black scales 2, cold resistance 1, poison resistance, slow
regeneration 1, spiny 2, freezing cloud immunity
a: Depart the Abyss, Bend Space, Banish, Corrupt, Enter the Abyss, Brand Weapon
With Distortion, Renounce Religion, Evoke Blink


You were on level 6 of the Lair of Beasts.
You worshipped Lugonu.
Lugonu was exalted by your worship.
You were hungry.

You visited 5 branches of the dungeon, and saw 23 of its levels.
You visited the Abyss 1 time.
You also visited: Labyrinth, Ossuary and Volcano.

You collected 2352 gold pieces.
You spent 1558 gold pieces at shops.

Inventory:

Hand Weapons
 a - a +3 battleaxe of flaming
 w - a +1 executioner's axe of freezing (weapon)
 J - a +0 broad axe
 Z - a +1 battleaxe of electrocution
Armour
 V - a +3 plate armour (worn)
 X - a +0 pair of boots (worn)
 Y - a +2 pair of gloves of strength (worn)
Jewellery
 m - an uncursed ring of flight
 t - the amulet "Ytzin" (around neck) {Harm *Drain +Blink rElec Str+4}
   (You took it off an orc warrior on level 8 of the Dungeon)

   [amulet of harm]

   It increases damage dealt and taken.
   It affects your strength (+4).
   It insulates you from electricity.
   It lets you blink.
 y - a ring of poison resistance (right hand)
 O - the ring "Xujuturgh" {rF+ Dex+3}
   (You took it off a minotaur in a labyrinth)

   [ring of dexterity]

   It affects your dexterity (+3).
   It protects you from fire.
 P - an uncursed ring of see invisible
 R - an uncursed amulet of regeneration
 S - an uncursed ring of positive energy
 W - the ring of Yngadgheh (left hand) {MP+9 Slay+5}
   (You found it in a labyrinth)

   [ring of magical power]

   It affects your accuracy and damage with ranged weapons and melee attacks
   (+5).
   It affects your magic capacity (+9).
Wands
 d - a wand of iceblast (10/15)
 h - a wand of disintegration (22/24)
 A - a wand of flame (27/48)
 D - a wand of digging (12/24)
 E - a wand of teleportation (4/9)
Scrolls
 b - 6 scrolls of teleportation
 e - a scroll of summoning
 j - 7 scrolls of remove curse
 k - 8 scrolls of identify
 n - 5 scrolls of blinking
 x - a scroll of fog
 B - a scroll of fear
Potions
 f - 2 potions of resistance
 g - a potion of heal wounds
 i - 5 potions of brilliance
 o - 4 potions of berserk rage
 r - a potion of flight
 s - a potion of haste
 u - a potion of ambrosia
 v - 2 potions of cancellation
 C - a potion of invisibility
 M - a potion of agility
 N - a potion of curing
Miscellaneous
 l - a phantom mirror
 q - a phial of floods
Comestibles
 c - 11 bread rations
 p - 7 meat rations
 z - 8 royal jellies
 G - 6 beef jerkies


   Skills:
 + Level 12.8 Fighting
 + Level 13.2 Axes
 + Level 1.4 Throwing
 * Level 16.6 Armour
 + Level 7.5 Dodging
 + Level 2.6 Stealth
 + Level 1.2 Unarmed Combat
 + Level 1.1 Spellcasting
 + Level 6.3 Invocations
 + Level 1.3 Evocations


You had 17 spell levels left.
You didn't know any spells.

Dungeon Overview and Level Annotations

Branches:
Dungeon (11/15)            Temple (0/1) D:4            Lair (8/8) D:8
 Shoals (0/4) Lair:3        Snake (1/4) Lair:6        Slime (0/6) Lair:8
    Orc (2/2) D:11            Elf (1/3) Orc:2

Altars:
Cheibriados
Dithmenos
Elyvilon
Gozag
Kikubaaqudgha
Makhleb
Okawaru
Pakellas
Ru
Trog
Xom
Yredelemnul
Zin
The Shining One
Beogh

Shops:
D:9 (   D:10 *   Orc:2 (%%%*=

Annotations:
D:4 subsebi's ghost, novice DsCK


Innate Abilities, Weirdness & Mutations

You have a pair of horns on your head.
You are mostly covered in rough black scales (AC +7, Dex -2).
Your flesh is cold resistant.
You are mostly covered in sharp spines.
You are immune to freezing clouds.
Your system is resistant to poisons.
You regenerate slowly when monsters are visible.


Message History

You feel sick. The anaconda closely misses you.
You feel sick.
The black mamba is struck by your spines.
The black mamba bites you but does no damage.
The anaconda bites you but does no damage.
The black mamba is struck by your spines.
The black mamba barely misses you.
There is a staircase back to the Lair here.
You feel sick. The anaconda bites you!
* * * LOW HITPOINT WARNING * * *
The black mamba bites you!
* * * LOW HITPOINT WARNING * * *
The black mamba bites you!
* * * LOW HITPOINT WARNING * * *
You are more poisoned.
The black mamba poisons you! The anaconda barely misses you.
The black mamba is struck by your spines.
The black mamba barely misses you.
You climb upwards.
Welcome back to the Lair of Beasts!
You die...

P.......P.P..............♣♣♣♣♣♣♣♣
..............##..........♣♣ ♣♣♣
.(...†...P....##.##........♣♣♣♣.♣
.............##.^.##..<..........
.............#.....##............
...>........##.....####..........
............#..###..#P........#..
.##.#.......#....S..#.........P.<
...#........#..S@...#....#.#.P...
..##........#..S....#..##.#.#....
..##.....#..#..###..##.#####..#..
..#.........##.....##....P.......
..#..⌠..#....#..)..#..(.........P
........#....##.)[##...(....P...P
.......##..P..##.##.#.#..........
......##.......)...##............
..⌠..##...............P...)......


You could see an anaconda and 2 black mambas.

Vanquished Creatures
  Kirke (Lair:6)
  The ghost of lightmor the Eclecticist, a journeyman OpFE of Vehumet (Lair:8)
  A minotaur (Lab)
  Josephine (D:10)
  5 hydras
  Erica (D:8)
  6 death yaks
  A shock serpent (Snake:1)
  Urug (D:10)
  2 deep elf knights
  6 orc high priests (Orc:2)
  2 hill giants (D:10)
  2 orc knights
  8 deep elf magi
  A cyclops (D:9)
  An oklob plant (Lair:7)
  2 griffons
  17 elephants
  5 black mambas
  Joseph (D:8)
  A torpor snail (Lair:6)
  17 spiny frogs
  4 rime drakes
  9 komodo dragons
  12 polar bears
  4 trolls
  A spriggan druid (Lair:8)
  Prince Ribbit (D:8)
  A slime creature (D:8)
  A two-headed ogre (D:10)
  20 blink frogs
  5 redbacks
  20 spriggans
  A wyvern (D:10)
  4 wraiths (D:10)
  7 hogs
  89 yaks
  A basilisk (Lair:1)
  A hungry ghost (D:9)
  8 hippogriffs
  4 nagas (Lair:6)
  8 wargs
  19 water moccasins
  15 porcupines
  Duvessa (D:7)
  18 orc warriors
  5 sky beasts
  6 wasps
  6 black bears
  3 phantoms
  An eye of draining (D:10)
  15 ogres
  41 wolves
  5 centaurs
  20 crocodiles
  2 big kobolds (D:8)
  An elf zombie (D:4)
  An elf skeleton (D:4)
  24 giant frogs
  Dowan (D:7)
  A water moccasin skeleton (D:8)
  13 scorpions
  10 killer bees
  An electric eel (D:9)
  2 howler monkeys (D:8)
  2 crimson imps
  A giant frog zombie (D:5)
  3 quasits
  A hound (D:4)
  A human zombie (Ossuary)
  9 jellies
  5 centaur zombies
  35 orc priests
  20 orc wizards
  3 centaur skeletons
  5 giant frog skeletons
  A human skeleton (D:4)
  8 worker ants
  13 iguanas
  12 sheep
  4 big kobold zombies (Ossuary)
  A hound skeleton (D:10)
  3 mummies (Ossuary)
  3 worker ant zombies
  A gnoll (D:9)
  A howler monkey skeleton (D:9)
  A scorpion zombie (Ossuary)
  10 adders
  60 river rats
  3 shadow imps
  9 oozes
  An adder zombie (D:8)
  4 adder skeletons
  A worm (D:6)
  2 dart slugs
  4 giant geckos
  86 orcs
  A ball python (D:4)
  4 giant cockroaches
  A gnoll zombie (Ossuary)
  5 goblins
  5 hobgoblins
  22 jackals
  18 kobolds
  3 quokkas
  10 bats
  A giant gecko skeleton (D:6)
  9 giant newts
  A goblin zombie (Ossuary)
  A kobold zombie (Ossuary)
  3 orc skeletons (D:4)
  2 orc zombies (Ossuary)
  A quokka zombie (D:9)
  13 rats
  A butterfly (Lair:6)
  8 fungi
917 creatures vanquished.

Vanquished Creatures (others)
  The ghost of InterDimensionalOwl the Stickfighter, a journeyman MiFi of the Shining One (Lair:6)
  The ghost of sevenseve the Blocker, a journeyman GrFi of the Shining One (Lair:1)
  A spriggan (Lair:3)
  A human zombie (Ossuary)
  26 fungi
  14 plants
44 creatures vanquished.

Grand Total: 961 creatures vanquished

Notes
Turn   | Place    | Note
--------------------------------------------------------------
     0 | Abyss:1  | Gargoyl the Demonspawn Abyssal Knight began the quest for the Orb.
     0 | Abyss:1  | Reached XP level 1. HP: 18/18 MP: 2/2
   116 | Abyss:1  | Noticed an ancient zyme
   120 | Abyss:1  | Noticed a large abomination
   128 | Abyss:1  | Noticed a large abomination
   130 | D:1      | Escaped the Abyss
   199 | D:1      | Reached skill level 1 in Dodging
   206 | D:1      | Reached skill level 2 in Armour
   206 | D:1      | Gained mutation: You have a pair of small horns on your head. [demonic ancestry]
   206 | D:1      | Reached XP level 2. HP: 23/24 MP: 3/3
   236 | D:1      | You fall through a shaft!
   525 | D:1      | Reached * piety under Lugonu
   558 | D:1      | Reached XP level 3. HP: 17/29 MP: 4/4
  1541 | D:2      | Reached ** piety under Lugonu
  1541 | D:2      | Gained mutation: Your flesh is cold resistant. [demonic ancestry]
  1541 | D:2      | Reached XP level 4. HP: 36/36 MP: 5/5
  2454 | D:3      | Gained mutation: You are partially covered in sharp spines. [demonic ancestry]
  2454 | D:3      | Reached XP level 5. HP: 40/42 MP: 6/6
  2473 | D:3      | You fall through a shaft!
  2591 | D:4      | Found a sand-covered staircase.
  2598 | Ossuary  | Entered an ossuary
  2734 | Ossuary  | Reached skill level 3 in Armour
  2771 | Ossuary  | Reached XP level 6. HP: 43/49 MP: 7/7
  2863 | Ossuary  | Reached skill level 4 in Armour
  2938 | Ossuary  | Reached XP level 7. HP: 30/55 MP: 8/8
  2942 | Ossuary  | Reached *** piety under Lugonu
  3373 | Ossuary  | Reached skill level 5 in Fighting
  3381 | Ossuary  | Reached skill level 5 in Armour
  3925 | D:4      | Reached XP level 8. HP: 61/62 MP: 9/9
  4010 | D:4      | Found a sacrificial altar of Ru.
  4013 | D:4      | Found a shadowy altar of Dithmenos.
  4091 | D:4      | Found a basalt altar of Yredelemnul.
  4208 | D:4      | Noticed subsebi's ghost (novice DsCK)
  4467 | D:4      | Reached skill level 6 in Armour
  4597 | D:4      | HP: 3/63 [poisoned by subsebi's ghost]
  4952 | D:4      | Found a staircase to the Ecumenical Temple.
  5196 | D:4      | Found an iron altar of Okawaru.
  5270 | D:5      | Entered Level 5 of the Dungeon
  5502 | D:5      | Gained mutation: You possess an exceptional clarity of mind. [mutagenic meat]
  5662 | D:5      | Reached **** piety under Lugonu
  6124 | D:5      | Reached skill level 7 in Armour
  6130 | D:5      | Gained mutation: You regenerate slowly when monsters are visible. [mutagenic meat]
  6131 | D:5      | Gained mutation: You are agile. (Dex +2) [mutagenic meat]
  6132 | D:5      | Gained mutation: Scrolls take you a little longer to read. [mutagenic meat]
  6133 | D:5      | Gained mutation: You have large cloven feet. [mutagenic meat]
  6134 | D:5      | Lost mutation: You regenerate slowly when monsters are visible. [mutagenic meat]
  6135 | D:5      | Lost mutation: You have large cloven feet. [mutagenic meat]
  6614 | D:6      | Found a white marble altar of Elyvilon.
  6676 | D:6      | Gained mutation: You are mostly covered in sharp spines. [demonic ancestry]
  6676 | D:6      | Reached XP level 9. HP: 58/69 MP: 10/10
  7065 | D:7      | Noticed Dowan
  7081 | D:7      | Killed Dowan
  7194 | D:7      | Found an opulent altar of Gozag.
  7223 | D:7      | Noticed Duvessa
  7235 | D:7      | Killed Duvessa
  7235 | D:7      | Reached skill level 8 in Armour
  7457 | D:7      | Reached skill level 5 in Axes
  7585 | D:7      | Found a snail-covered altar of Cheibriados.
  7701 | D:8      | Found a large runed door.
  7701 | D:8      | Found a large runed door.
  7724 | D:8      | Found a large runed door.
  7724 | D:8      | Found a large runed door.
  7741 | D:8      | Noticed Erica
  7761 | D:8      | Killed Erica
  7761 | D:8      | Reached skill level 9 in Armour
  7769 | D:8      | Found a staircase to the Lair.
  8027 | D:8      | Reached ***** piety under Lugonu
  8333 | D:8      | Reached skill level 1 in Stealth
  8417 | D:8      | Found a glowing golden altar of the Shining One.
  8525 | D:8      | Noticed Prince Ribbit
  8528 | D:8      | Killed Prince Ribbit
  8528 | D:8      | Reached XP level 10. HP: 47/77 MP: 11/11
  8642 | D:8      | Reached skill level 10 in Armour
  8747 | D:8      | Found a burning altar of Makhleb.
  8750 | D:8      | Noticed a cacodemon
  8752 | D:8      | Found a glowing silver altar of Zin.
  8753 | D:8      | Noticed an angel
  8910 | D:8      | Found an ancient bone altar of Kikubaaqudgha.
  9173 | D:8      | Noticed Joseph
  9190 | D:8      | Killed Joseph
  9402 | D:8      | Got a shimmering steel amulet
  9421 | D:8      | Identified the Papyrus of Creation and Earth
  9457 | Lair:1   | Entered Level 1 of the Lair of Beasts
  9469 | Lair:1   | Noticed sevenseve's ghost (journeyman GrFi)
  9494 | Lair:1   | HP: 1/79 [sevenseve's ghost (5)]
  9495 | Lair:1   | Banished sevenseve's ghost
  9913 | Lair:1   | Reached skill level 11 in Armour
  9913 | Lair:1   | Reached skill level 5 in Dodging
 10119 | Lair:1   | Found a white marble altar of Elyvilon.
 10183 | Lair:1   | Noticed a black mamba
 10190 | Lair:1   | Killed a black mamba
 10416 | Lair:1   | Noticed a spiny frog
 10432 | Lair:1   | Killed a spiny frog
 10940 | D:8      | Identified the amulet "Ytzin" {Harm *Drain +Blink rElec Str+4} (You took it off an orc warrior on level 8 of the Dungeon)
 11009 | Lair:1   | Reached XP level 11. HP: 71/84 MP: 13/13
 12384 | Lair:2   | Found a dark tunnel.
 12389 | Volcano  | Entered a volcano
 12406 | Volcano  | Noticed a deep elf mage
 12415 | Volcano  | Killed a deep elf mage
 12569 | Volcano  | Noticed a deep elf mage
 12570 | Volcano  | Noticed a deep elf mage
 12570 | Volcano  | Noticed a deep elf knight
 12578 | Volcano  | Killed a deep elf mage
 12578 | Volcano  | Reached skill level 12 in Armour
 12583 | Volcano  | Killed a deep elf knight
 12587 | Volcano  | Killed a deep elf mage
 12911 | Volcano  | Noticed a deep elf mage
 12912 | Volcano  | Noticed a deep elf mage
 12912 | Volcano  | Noticed a deep elf mage
 12915 | Volcano  | Killed a deep elf mage
 12916 | Volcano  | Killed a deep elf mage
 12919 | Volcano  | Killed a deep elf mage
 13558 | Lair:3   | Found a staircase to the Shoals.
 13925 | Lair:3   | Found an oddly glowing altar of Pakellas.
 14652 | Lair:3   | Reached XP level 12. HP: 88/94 MP: 15/15
 14878 | Lair:3   | Reached ****** piety under Lugonu
 14878 | Lair:3   | Reached skill level 13 in Armour
 15638 | Lair:4   | Reached skill level 5 in Invocations
 16026 | D:9      | Found Zaobaeg's Antique Weapon Shoppe.
 16423 | D:9      | Bought a runed executioner's axe for 330 gold pieces
 16554 | Lair:4   | Noticed a death yak
 16555 | Lair:4   | Noticed a death yak
 16558 | Lair:4   | Noticed a death yak
 16559 | Lair:4   | Noticed a death yak
 16583 | Lair:3   | Killed a death yak
 16626 | Lair:3   | Killed a death yak
 16627 | Lair:3   | Killed a death yak
 16627 | Lair:3   | Reached skill level 10 in Fighting
 16948 | Lair:4   | Noticed a death yak
 16960 | Lair:4   | Killed a death yak
 16964 | Lair:4   | Killed a death yak
 17848 | Lair:5   | Gained mutation: You have a pair of horns on your head. [demonic ancestry]
 17848 | Lair:5   | Reached XP level 13. HP: 82/103 MP: 16/16
 18131 | Lair:5   | Got a faintly glowing long sword
 18134 | Lair:5   | Identified the +5 long sword of Extinguishment {slice, +Inv rN+ SInv} (You found it on level 5 of the Lair of Beasts)
 18276 | Lair:5   | Reached skill level 14 in Armour
 18992 | Lair:6   | Noticed InterDimensionalOwl's ghost (journeyman MiFi)
 18999 | Lair:6   | Banished InterDimensionalOwl's ghost
 19354 | Lair:6   | Reached skill level 10 in Axes
 20181 | Lair:6   | Lost mutation: Scrolls take you a little longer to read. [potion of cure mutation]
 20181 | Lair:6   | Lost mutation: You are agile. (Dex +2) [potion of cure mutation]
 20181 | Lair:6   | Lost mutation: You possess an exceptional clarity of mind. [potion of cure mutation]
 20183 | Lair:6   | Gained mutation: You evolve. [potion of mutation]
 20183 | Lair:6   | Gained mutation: You regenerate slowly when monsters are visible. [potion of mutation]
 20183 | Lair:6   | Gained mutation: Scrolls take you a little longer to read. [potion of mutation]
 20184 | Lair:6   | Gained mutation: You tend to lose your temper in combat. [potion of mutation]
 20184 | Lair:6   | Gained mutation: You do not regenerate naturally when monsters are visible. [potion of mutation]
 20184 | Lair:6   | Gained mutation: You are dopey. (Int -2) [potion of mutation]
 20220 | Lair:6   | Found a staircase to the Snake Pit.
 20663 | Lair:7   | Gained mutation: Your system is resistant to poisons. [potion of mutation]
 20663 | Lair:7   | Gained mutation: Your spells are a little harder to cast, but a little more powerful. [potion of mutation]
 20663 | Lair:7   | Lost mutation: Your spells are a little harder to cast, but a little more powerful. [potion of mutation]
 20664 | Lair:7   | Gained mutation: You possess an exceptional clarity of mind. [potion of mutation]
 20664 | Lair:7   | Lost mutation: You possess an exceptional clarity of mind. [potion of mutation]
 21621 | Lair:7   | Noticed Kirke
 21625 | Lair:7   | Gained mutation: You are partially covered in rough black scales (AC +4, Dex -1). [demonic ancestry]
 21625 | Lair:7   | Reached XP level 14. HP: 97/113 MP: 18/18
 21796 | Lair:6   | Reached skill level 15 in Armour
 22201 | Lair:6   | Lost mutation: You are dopey. (Int -2) [evolution]
 22283 | Lair:6   | Killed Kirke
 22926 | Lair:7   | Lost mutation: Scrolls take you a little longer to read. [potion of cure mutation]
 22926 | Lair:7   | Lost mutation: You tend to lose your temper in combat. [potion of cure mutation]
 22926 | Lair:7   | Lost mutation: You evolve. [potion of cure mutation]
 22926 | Lair:7   | Lost mutation: You do not regenerate naturally when monsters are visible. [potion of cure mutation]
 23338 | Lair:8   | Entered Level 8 of the Lair of Beasts
 23360 | Lair:8   | Noticed lightmor's ghost (journeyman OpFE)
 23940 | Lair:8   | Killed lightmor's ghost
 25908 | Lair:8   | Reached skill level 16 in Armour
 26501 | Lair:8   | Gained mutation: You are mostly covered in rough black scales (AC +7, Dex -2). [demonic ancestry]
 26501 | Lair:8   | Reached XP level 15. HP: 115/120 MP: 19/19
 26531 | Lair:8   | Found a staircase to the Slime Pits.
 26902 | D:9      | Found a bloodstained altar of Trog.
 27014 | D:9      | Found a shimmering altar of Xom.
 27469 | D:10     | Entered Level 10 of the Dungeon
 27551 | D:10     | Found Zuhih Dik's General Store.
 27564 | D:10     | Bought an uncursed ring of see invisible for 195 gold pieces
 27564 | D:10     | Bought a scroll of blinking for 97 gold pieces
 27579 | D:10     | Noticed Josephine
 27584 | D:10     | Killed Josephine
 27858 | D:10     | Noticed Urug
 27866 | D:10     | Killed Urug
 28212 | D:11     | Reached skill level 1 in Throwing
 28212 | D:11     | Reached skill level 1 in Unarmed Combat
 28212 | D:11     | Reached skill level 1 in Spellcasting
 28212 | D:11     | Reached skill level 1 in Evocations
 28212 | D:11     | Gained mutation: You are immune to freezing clouds. [demonic ancestry]
 28212 | D:11     | Reached XP level 16. HP: 128/128 MP: 20/20
 28231 | D:11     | Found a staircase to the Orcish Mines.
 28255 | D:11     | Found a labyrinth entrance.
 28264 | Lab      | Entered a labyrinth
 28576 | Lab      | Got a sparkling amber ring
 28919 | Lab      | Got a scintillating wooden ring
 28959 | Lab      | Identified the ring of Yngadgheh {MP+9 Slay+5} (You found it in a labyrinth)
 28960 | Lab      | Identified the ring "Xujuturgh" {rF+ Dex+3} (You took it off a minotaur in a labyrinth)
 29238 | D:11     | Got an encrusted war axe
 29239 | D:11     | Identified the +9 war axe of the Countless Ghosts {venom, rF+ rN+ Dex+4} (You found it on level 11 of the Dungeon)
 29465 | Orc:1    | Entered Level 1 of the Orcish Mines
 29831 | Orc:2    | Entered Level 2 of the Orcish Mines
 29831 | Orc:2    | Found a roughly hewn altar of Beogh.
 30301 | Orc:2    | Found Wuevairr's General Store.
 30310 | Orc:2    | Found Kiushru's Jewellery Emporium.
 30713 | Orc:2    | Found a roughly hewn altar of Beogh.
 31395 | Orc:2    | Found Liulet's Food Boutique.
 31408 | Orc:2    | Found a staircase to the Elven Halls.
 31569 | Orc:2    | Found Caysev's Food Emporium.
 31683 | Orc:2    | Found Caol's Food Boutique.
 31722 | Orc:2    | Found Bohao's Weapon Boutique.
 31993 | Orc:2    | Bought a scroll of acquirement for 936 gold pieces
 32028 | Elf:1    | Entered Level 1 of the Elven Halls
 32567 | Snake:1  | Entered Level 1 of the Snake Pit
 32605 | Snake:1  | HP: 2/129 [black mamba (8)]
 32606 | Lair:6   | Succumbed to a black mamba's poison

Skill      XL: |  1  2  3  4  5  6  7  8  9 10 11 12 13 14 15 16 |
---------------+-------------------------------------------------+-----
Axes           | 2 3 4 5 6 7 9 10 12 13 | 13.2
Dodging        | 1 2 3 4 5 6 7 |  7.5
Armour         | 2 3 4 5 7 9 11 12 13 14 16 | 16.6
Fighting       | 4 5 6 7 8 10 11 12 | 12.8
Stealth        | 1 2 |  2.6
Invocations    | 3 4 5 6 |  6.3
Throwing       | 1 |  1.4
Unarmed Combat | 1 |  1.2
Spellcasting   | 1 |  1.1
Evocations     | 1 |  1.3

Action                   |  1- 3 |  4- 6 |  7- 9 | 10-12 | 13-15 | 16-18 || total
-------------------------+-------+-------+-------+-------+-------+-------++-------
Melee: Hand axe          |   119 |   129 |   204 |       |       |       ||   452
       Headbutt          |    12 |    23 |    56 |    78 |   129 |    31 ||   329
       War axe           |       |       |    80 |   182 |       |       ||   262
       Unarmed           |       |       |       |    13 |       |       ||    13
       Battleaxe         |       |       |       |   160 |    68 |       ||   228
       Executioner's axe |       |       |       |    33 |   534 |   152 ||   719
Throw: Tomahawk          |       |       |       |     2 |     2 |       ||     4
Invok: Depart the Abyss  |     1 |       |       |       |       |       ||     1
       Banish            |       |       |       |     6 |     1 |       ||     7
 Abil: Evoke Flight      |       |       |       |       |     1 |       ||     1
  Use: Scroll            |       |     2 |     1 |    21 |    11 |     8 ||    43
       Potion            |       |       |    11 |    10 |    18 |     1 ||    40
 Stab: Distracted        |       |       |       |       |       |     1 ||     1
  Eat: Chunk             |     2 |     3 |    16 |    22 |     4 |     6 ||    53
       Beef jerky        |       |     1 |       |       |     3 |       ||     4
       Bread ration      |       |       |     2 |       |       |       ||     2
       Fruit             |       |       |       |    15 |    20 |     8 ||    43
       Pizza             |       |       |       |       |     2 |       ||     2
       Royal jelly       |       |       |       |       |     3 |       ||     3
Armor: Ring mail         |    79 |    17 |       |       |       |       ||    96
       Scale mail        |       |     4 |       |       |       |       ||     4
       Chain mail        |       |    52 |   179 |   231 |       |       ||   462
       Plate armour      |       |       |       |    46 |   693 |   118 ||   857
Dodge: Dodged            |    91 |    59 |   115 |   257 |   430 |   105 ||  1057
